Map: Simulacro LE

Players

Rabbit

  • Race: Terran Terran
  • League: Platinum
  • Spawn Location: 5:00

LowLinK - Winner!

  • Race: Protoss Protoss
  • League: Diamond
  • Spawn Location: 11:00

VOD

Have the link to the VOD?

Description

Time

  • Played on: Feb. 18, 2020, 8:27 p.m.
  • Length: 4:18
Show
View Real Time Build Order
Export as new Build Order

Rabbit Terran 

Build Orders:  

Get SALT Encoding   

  12  0:01  SCV  
  13  0:13  SCV  
  14  0:17  Supply Depot  
  14  0:25  SCV  
  15  0:39  SCV  
  16  0:45  Barracks  
  16  0:49  Supply Depot  
  16  0:54  SCV  
  17  1:06  SCV  
  18  1:12  Refinery  
  18  1:17  Supply Depot  
  18  1:18  SCV  
  19  1:32  Orbital Command  
  19  1:57  Command Center  
  19  2:00  SCV  
  20  2:05  Marine  
  21  2:12  SCV  
  22  2:24  Barracks Reactor  
  22  2:29  SCV  
  23  2:31  Barracks  
  23  2:36  Refinery  
  23  2:40  Factory  
  23  2:44  SCV  
  24  2:55  Engineering Bay  
  24  2:56  SCV  
  25  2:59  Supply Depot  
  25  3:03  Marine x2  
  27  3:08  Orbital Command  
  27  3:10  SCV  
  28  3:20  Barracks Tech Lab  
  28  3:22  SCV  
  29  3:27  Missile Turret  
  29  3:32  Missile Turret  
  29  3:34  SCV x2  
  29  3:37  Factory Tech Lab  
  31  3:41  Marine  
  31  3:42  Marine  
  31  3:48  Marine  
  34  3:51  SCV  
  34  3:52  SCV  
  36  3:59  Marine x2  
  38  4:05  SCV  
  43  4:11  Refinery  
Show
View Real Time Build Order
Export as new Build Order

LowLinK Protoss - Winner!

Build Orders:  

Get SALT Encoding   

  12  0:01  Probe  
  13  0:13  Probe  
  14  0:18  Pylon  
  14  0:25  Probe  
  15  0:37  Probe (Chrono Boost), Gateway  
  16  0:48  Probe (Chrono Boost)  
  17  0:52  Assimilator  
  17  0:53  Probe (Chrono Boost)  
  18  1:00  Assimilator  
  18  1:04  Probe  
  19  1:16  Probe  
  19  1:18  Pylon  
  20  1:24  Cybernetics Core  
  20  1:28  Probe  
  21  1:40  Probe  
  21  1:42  Zealot (Chrono Boost)  
  24  1:55  Gateway  
  24  1:58  Warp Gate (Chrono Boost)  
  24  1:59  Gateway  
  24  2:02  Pylon  
  24  2:20  Gateway  
  24  2:22  Probe  
  25  2:28  Gateway  
  25  2:35  Pylon  
  25  3:08  Sentry  
  27  3:28  Pylon  
  27  3:32  Stalker x2  
  27  3:33  Stalker x2  
  35  3:42  Stalker  
  37  3:56  Stalker x3  
  37  3:57  Adept  
  45  4:06  Stalker  
Tags
 
Add a new tag
Caveats
  • Supply blocks, unpowered buildings, or Contaminate may cause inaccurate times.
  • Supply counts are checked every 10 seconds.